 Dungeon Crawl Stone Soup version 0.23-a0-419-g0174fd8 (webtiles) character file.

71 Geeful the Poker (level 4, -3/42 HPs)
             Began as a Naga Warper on Nov 13, 2018.
             Killed from afar by an orc wizard (6 damage)
             ... with a magic dart
             ... on level 2 of the Dungeon.
             The game lasted 00:09:17 (1586 turns).

Geeful the Poker (Naga Warper)                      Turns: 1586, Time: 00:09:17

Health: -3/42      AC:  3    Str: 12 (14) XL:     4   Next: 24%
Magic:  5/7        EV:  9    Int: 10 (13) God:
Gold:   72         SH:  0    Dex:  9 (11) Spells: 3/7 levels left

rFire    . . .     SeeInvis +   a - +0 spear
rCold    . . .     Gourm    .   (no shield)
rNeg     . . .     Faith    .   b - +0 leather armour
rPois    +         Spirit   .   m - +0 helmet
rElec    .         Reflect  .   (no cloak)
rCorr    .         Harm     .   (no gloves)
MR       .....                  (no barding)
Stlth    +.........             (no amulet)
HPRegen  0.14/turn              (no ring)
MPRegen  0.10/turn              (no ring)

@: short of breath, very slow
A: large, see invisible, deformed body, poison resistance, slowness 2, slow
metabolism 1, spit poison 1, AC +1
a: Spit Poison


You were on level 2 of the Dungeon.
You were hungry.

You visited 1 branch of the dungeon, and saw 2 of its levels.

You collected 72 gold pieces.

Inventory:

Hand Weapons
 a - a +0 spear (weapon)
Missiles
 c - 2 tomahawks
 e - 2 tomahawks of dispersal (quivered)
Armour
 b - a +0 leather armour (worn)
 m - a +0 helmet (worn)
Scrolls
 d - a scroll of blinking
 g - a scroll of fear
 h - a scroll of enchant weapon
 j - a scroll of immolation {unknown}
 k - a scroll of random uselessness {unknown}
 l - a scroll of amnesia {unknown}
 n - 2 scrolls of teleportation {unknown}
Comestibles
 f - 3 rations
 o - 3 chunks of flesh


   Skills:
 + Level 3.3 Fighting
 + Level 3.3 Polearms
 - Level 0.8 Throwing
 - Level 0.7 Armour
 - Level 1.5 Dodging
 - Level 2.0 Spellcasting
 - Level 3.0 Translocations


You had 3 spell levels left.
You knew the following spells:

 Your Spells              Type           Power        Failure   Level  Hunger
a - Shroud of Golubria    Chrm/Tloc      #.........   32%         2    ###....
b - Blink                 Tloc           N/A          17%         2    ###....

Your spell library contained the following spells:

 Spells                   Type           Power        Failure   Level  Hunger
 Gell's Gravitas          Tloc           #.........   34%         3    ####...
 Lesser Beckoning         Tloc           #.........   34%         3    ####...
 Teleport Other           Tloc           #.......     34%         3    ####...
 Passage of Golubria      Tloc           N/A          75%         4    #####..


Dungeon Overview and Level Annotations

Branches:
Dungeon (2/15)

Altars:


Innate Abilities, Weirdness & Mutations

You cannot wear boots.
Your serpentine skin is tough. (AC +1)
You have supernaturally acute eyesight. (SInv)
Armour fits poorly on your strangely shaped body.
Your system is resistant to poisons. (rPois)
You cover ground very slowly.
You have a slow metabolism.
You can spit poison.


Message History

The orc wizard is moderately wounded.
Your shroud unravels.
The orc wizard hits you but does no damage.
Attack whom?
Press: ? - help, Dir - move target cursor, f/p - orc wizard
Aim: an orc wizard, wielding a +0 dagger and wearing a +0 robe (heavily You closely miss the orc wizard.
The orc wizard is heavily wounded.
The orc wizard hits you but does no damage.
Attack whom?
Press: ? - help, Dir - move target cursor, f/p - orc wizard
Aim: an orc wizard, wielding a +0 dagger and wearing a +0 robe (heavily You barely miss the orc wizard.
The orc wizard is heavily wounded.
You feel less wooden.
Your +0 helmet unmelds from your body.
Your +0 leather armour unmelds from your body.
The orc wizard points at you and mumbles some strange words.
The magic dart hits you!
You die...

#....# ### #..#$##.....
#....S.o... ##..###.....
#...# o.# #.#.### o
#.[...# ##o##.#. #@#
.... #.# ##..## ### ##.#
....##.. #..# #[.....###
#.## #.##....# #.#
#.###.#.## ######.#####
#.##..#..# #..........#
##)#..###..
#..........###......####


You could see an orc wizard.

Vanquished Creatures
  An orc priest (D:2)
  An adder (D:2)
  A worm (D:2)
  2 orcs (D:2)
  4 bats
  6 goblins (D:1)
  5 hobgoblins
  4 kobolds
  2 rats
26 creatures vanquished.

Notes
Turn   | Place    | Note
-------+----------+-------------------------------------------
     0 | D:1      | Geeful the Naga Warper began the quest for the Orb.
     0 | D:1      | Reached XP level 1. HP: 19/19 MP: 3/3
   518 | D:1      | Reached XP level 2. HP: 27/27 MP: 5/5
   525 | D:1      | Learned a level 2 spell: Shroud of Golubria
   528 | D:1      | Learned a level 2 spell: Blink
  1316 | D:2      | Reached XP level 3. HP: 33/33 MP: 3/6
  1557 | D:2      | HP: 1/34 [orc priest/divine providence (13)]
  1562 | D:2      | Reached XP level 4. HP: 2/42 MP: 4/7
  1565 | D:2      | HP: 1/63 [poisoned by an adder]
  1570 | D:2      | HP: 1/63 [poisoned by an adder]
  1586 | D:2      | Killed from afar by an orc wizard

Vault maps used:
D:1:      lightli_iron_boxes

Skill      XL: |  1  2  3 |
---------------+----------+-----
Fighting       | 3 |  3.3
Polearms       | 3 |  3.3
Throwing       | |  0.8
Armour         | |  0.7
Dodging        | |  1.5
Spellcasting   | |  2.0
Translocations | |  3.0

Action                   |  1- 3 |  4- 6 || total
-------------------------+-------+-------++-------
Melee: Spear             |   103 |     7 ||   110
Throw: Tomahawk          |       |     3 ||     3
 Cast: Shroud of Golubri |     2 |     1 ||     3
 Abil: Spit Poison       |     4 |     3 ||     7
  Use: Scroll            |     2 |     1 ||     3
       Potion            |     2 |       ||     2
 Stab: Fleeing           |       |     1 ||     1
  Eat: Chunk             |     1 |       ||     1
Armor: Leather armour    |    20 |       ||    20
       Skin              |     3 |     6 ||     9
Dodge: Dodged            |    38 |       ||    38

Table legend:
 A = Non-vault XP
 B = Vault XP
 C = Vault XP percentage of total XP
 D = Non-vault monster count
 E = Vault monster count
 F = Vault count percentage of total count
                 A         B        C        D         E       F
            +---------+---------+-------+---------+---------+-------
      Total |     102 |       0 |   0.0 |      26 |       0 |   0.0
            +---------+---------+-------+---------+---------+-------
        D:1 |      30 |       0 |   0.0 |      16 |       0 |   0.0
        D:2 |      72 |       0 |   0.0 |      10 |       0 |   0.0
            +---------+---------+-------+---------+---------+-------
